 Dungeon Crawl Stone Soup version 0.28-a0-1199-gef9e1dbd39 (webtiles) character file.

Game seed: 11523850764497049483

3107 Peloso the Carver (level 9, -10/82 HPs)
             Began as a Minotaur Fighter on Dec 19, 2021.
             Was an Elder of Okawaru.
             Mangled by a red ugly thing (23 damage)
             ... on level 6 of the Dungeon.
             The game lasted 00:12:30 (7030 turns).

Peloso the Carver (Minotaur Fighter)                Turns: 7030, Time: 00:12:31

Health: -10/82     AC: 24    Str: 24    XL:     9   Next: 60%
Magic:  6/8        EV:  9    Int:  5    God:    Okawaru [****..]
Gold:   202        SH:  6    Dex: 11    Spells: 8/8 levels left

rFire   . . .      SeeInvis +   a - +0 long sword (protect)
rCold   + . .      Faith    +   c - +0 buckler
rNeg    . . .      Spirit   .   x - +0 plate armour
rPois   .          Reflect  .   (helmet restricted)
rElec   .          Harm     .   (no cloak)
rCorr   .          Rampage  .   (no gloves)
Will    .....                   y - +0 pair of boots
Stlth   ..........              G - amulet of faith
HPRegen 0.23/turn               t - ring of see invisible
MPRegen 0.11/turn               F - ring of protection from cold

@: mighty, heroic, under a protective aura
A: horns 2, retaliatory headbutt
a: Renounce Religion, Heroism, Finesse


You were on level 6 of the Dungeon.
You worshipped Okawaru.
Okawaru was greatly pleased with you.
You visited 1 branch of the dungeon, and saw 8 of its levels.

You collected 371 gold pieces.
You spent 169 gold pieces at shops.

Inventory:

Hand Weapons
 a - a +0 long sword of protection (weapon)
 b - a +1 vampiric trident
Armour
 c - a +0 buckler (worn)
 h - a +0 chain mail
 x - a +0 plate armour (worn)
 y - a +0 pair of boots (worn)
Jewellery
 t - a ring of see invisible (left hand)
 w - a ring of magical power
 C - an amulet of regeneration
 F - a ring of protection from cold (right hand)
 G - an amulet of faith (around neck)
Wands
 s - a wand of flame (30)
Scrolls
 f - 6 scrolls of identify {unknown}
 j - a scroll of enchant weapon {unknown}
 k - 4 scrolls of magic mapping {unknown}
 l - 3 scrolls of amnesia {unknown}
 m - a scroll of fear {unknown}
 n - a scroll of noise {unknown}
 p - 4 scrolls of teleportation {unknown}
 r - 2 scrolls of blinking {unknown}
 B - 2 scrolls of enchant armour {unknown}
 D - a scroll of fog {unknown}
Potions
 g - 2 potions of flight {unknown}
 i - a potion of heal wounds {unknown}
 o - 2 potions of brilliance {unknown}
 q - 2 potions of lignification {unknown}
 u - a potion of degeneration {unknown}
 v - a potion of magic {unknown}
 z - a potion of ambrosia {unknown}
 A - a potion of attraction {unknown}
 E - 2 potions of berserk rage {unknown}


   Skills:
 + Level 8.5(13.5) Fighting
 + Level 10.9(15.9) Long Blades
 + Level 8.3(13.3) Armour
 + Level 1.6(6.6) Dodging
 + Level 0.1(5.1) Stealth
 + Level 6.2(11.2) Shields
 + Level 0.6 Invocations


You had 8 spell levels left.
You didn't know any spells.
Your spell library contained the following spells:

 Spells                   Type           Power      Damage    Failure   Level
 Slow                     Hex            0%         N/A       99%         1
 Confusing Touch          Hex            0%         N/A       100%        3
 Portal Projectile        Hex/Tloc       0%         N/A       100%        3
 Leda's Liquefaction      Hex/Erth       0%         N/A       100%        4
 Olgreb's Toxic Radiance  Pois           0%         N/A       100%        4
 Yara's Violent Unravell  Hex/Tmut       0%         3d3       100%        5
 Ozocubu's Refrigeration  Ice            0%         4d5       100%        7
 Ignition                 Fire           0%         3d3       100%        8
 Call Canine Familiar     Summ           Unusable   N/A       N/A         3

Dungeon Overview and Level Annotations

Branches:
Dungeon (8/15)             Temple (0/1) D:5
   Lair: D:8-11

Altars:
Kikubaaqudgha
Okawaru
Uskayaw

Shops:
D:5 (


Innate Abilities, Weirdness & Mutations

You have a pair of horns on your head.
You reflexively headbutt those who attack you in melee.


Message History

You throw a throwing net.
The throwing net closely misses the red ugly thing.
The red ugly thing tail-slaps you but does no damage.
Okay, then.
There is a stone staircase leading up here.
The red ugly thing barely misses you.
You climb upwards.
There is a stone staircase leading down here.
You block the red ugly thing's attack. You block the red ugly thing's attack.
There is a stone staircase leading down here.
The red ugly thing tail-slaps you.
* * * LOW HITPOINT WARNING * * *
You are engulfed in flames!!
* * * LOW HITPOINT WARNING * * *
You feel better.
The red ugly thing tail-slaps you but does no damage.
The red ugly thing tail-slaps you but does no damage.
You feel very mighty all of a sudden.
The red ugly thing tail-slaps you but does no damage.
You gain the combat prowess of a mighty hero.
The red ugly thing tail-slaps you but does no damage.
You slash the red ugly thing!
Your weapon exudes an aura of protection.
You headbutt the red ugly thing!
The red ugly thing is moderately wounded.
You slice the red ugly thing!!
The red ugly thing is severely wounded.
The red ugly thing tail-slaps you but does no damage.
You slash the red ugly thing!
The red ugly thing is severely wounded.
The red ugly thing tail-slaps you but does no damage.
You slash the red ugly thing!
The red ugly thing is almost dead.
You closely miss the red ugly thing.
The red ugly thing is almost dead.
The red ugly thing tail-slaps you.
* * * LOW HITPOINT WARNING * * *
You are engulfed in flames!!
You die...

#### ...# ############ ## ...#
#..@u......# #. ...#
######.########.# #.
...######.##.....######.########.
..............................>..
...######.##.###....##..##.......
...###.......# #....##..##.......
........####.# #....##...........
........##...# #....######.......
........##.#.###....# #########


You could see a red ugly thing.

Vanquished Creatures
  A hornet (shapeshifter) (D:8)
  A shadow (D:8)
  Eustachio (D:6)
  2 water moccasins
  4 orc warriors
  2 necrophages
  An ogre (D:4)
  An ice beast (D:6)
  2 black bears
  2 centaurs
  A phantom (D:4)
  A gnoll sergeant (D:8)
  A scorpion (D:5)
  A water moccasin skeleton (D:5)
  6 killer bees (D:7)
  2 bullfrog zombies
  2 hounds
  2 jellies
  6 orc priests
  A bullfrog skeleton (D:5)
  2 iguanas
  Terence (D:3)
  Natasha (twice) (D:3)
  2 orc wizards
  2 killer bee zombies
  A hound zombie (D:5)
  3 gnolls (D:3)
  A howler monkey skeleton (D:7)
  6 adders
  A white imp (D:8)
  A worm (D:4)
  2 dart slugs
  19 orcs
  10 bats
  9 endoplasms
  A giant cockroach (D:1)
  5 goblins
  12 hobgoblins
  3 quokkas (D:1)
  3 ball pythons
  6 frilled lizards
  4 kobolds
  5 rats
141 creatures vanquished.

Notes
Turn   | Place    | Note
-------+----------+-------------------------------------------
     0 | D:1      | Peloso the Minotaur Fighter began the quest for the Orb.
     0 | D:1      | Reached XP level 1. HP: 19/19 MP: 0/0
   195 | D:1      | Found a faded altar of an unknown god.
   540 | D:1      | Reached XP level 2. HP: 27/27 MP: 1/1
   901 | D:1      | Reached XP level 3. HP: 27/34 MP: 2/2
  1437 | D:2      | Reached skill level 3 in Long Blades
  1812 | D:3      | Found an iron altar of Okawaru.
  1816 | D:3      | Noticed Natasha
  1820 | D:3      | Killed Natasha
  1821 | D:3      | Reached XP level 4. HP: 39/41 MP: 3/3
  1828 | D:3      | Became a worshipper of Warmaster Okawaru
  2100 | D:3      | Found a hide-covered altar of Uskayaw.
  2167 | D:3      | Noticed Terence
  2192 | D:3      | Reached skill level 4 in Long Blades
  2346 | D:3      | Reached XP level 5. HP: 38/47 MP: 4/4
  2349 | D:3      | Killed Terence
  2498 | D:3      | Noticed Natasha
  2503 | D:3      | Killed Natasha
  2755 | D:4      | Reached skill level 5 in Armour
  2856 | D:4      | Noticed a phantom
  2881 | D:4      | Killed a phantom
  2882 | D:4      | Reached skill level 5 in Fighting
  2882 | D:4      | Reached skill level 5 in Long Blades
  2882 | D:4      | Reached XP level 6. HP: 23/56 MP: 5/5
  3094 | D:4      | Reached * piety under Okawaru
  3410 | D:4      | Reached XP level 7. HP: 61/61 MP: 6/6
  3445 | D:4      | Reached skill level 6 in Long Blades
  3447 | D:4      | Reached skill level 1 in Dodging
  4076 | D:5      | Entered Level 5 of the Dungeon
  4360 | D:5      | Reached ** piety under Okawaru
  4383 | D:5      | Found Wuepseck's Antique Weapon Shoppe.
  4394 | D:5      | Bought a runed long sword for 169 gold pieces
  4406 | D:5      | Reached skill level 7 in Long Blades
  4516 | D:5      | Reached skill level 5 in Shields
  4689 | D:5      | Reached XP level 8. HP: 66/70 MP: 7/7
  4903 | D:5      | Found a staircase to the Ecumenical Temple.
  5007 | D:6      | Reached skill level 8 in Long Blades
  5092 | D:6      | Noticed Eustachio
  5115 | D:6      | Killed Eustachio
  5372 | D:6      | Reached skill level 9 in Long Blades
  5603 | D:7      | Reached *** piety under Okawaru
  5656 | D:7      | Reached XP level 9. HP: 73/79 MP: 6/8
  5710 | D:7      | Found an ancient bone altar of Kikubaaqudgha.
  6034 | D:7      | Reached skill level 10 in Long Blades
  6311 | D:7      | Reached **** piety under Okawaru
  6839 | D:8      | Noticed a black mamba
  6845 | D:8      | a black mamba changed into a hornet
  6907 | D:8      | Noticed a purple ugly thing
  6908 | D:8      | Noticed a red ugly thing
  7011 | D:6      | HP: 3/82 [red ugly thing (18)]
  7030 | D:6      | Mangled by a red ugly thing

Illustrated notes

Levels and vault maps discovered:
D:1:      dpeg_arrival_rooms_b, layout_basic,
          hellmonk_ecumenical_altar_arch_garden, minmay_3d_cube
D:2:      layout_rooms
D:3:      layout_loops_ring, mainiacjoe_overflow_small_starburst,
          nicolae_uskayaw_murder_on_the_dancefloor, uniq_terence, uniq_natasha
D:4:      layout_loops_corners, guppyfry_early_orc_mine
D:5:      layout_loops_ring, temple_hall, serial_shops, nicolae_shop_statue_plus
D:6:      layout_basic, uniq_eustachio
D:7:      layout_basic, kiku_gazebo_pond_becter, serial_curves, eino_curves_01,
          eino_curves_02, eino_curves_04, kennysheep_dice
D:8:      minmay_cut_squares, layout_loops_ring, columned_hall_lemuel,
          minmay_manual_mandibuliform

Skill      XL: |  1  2  3  4  5  6  7  8  9 |
---------------+----------------------------+-----
Fighting       | 4 5 6 7 8 |  8.5
Armour         | 4 5 6 7 8 |  8.3
Long Blades    | 3 4 5 7 9 10 | 10.9
Shields        | 4 5 6 |  6.2
Dodging        | 1 |  1.6
Stealth        | |  0.1
Invocations    | |  0.6

Action                   |  1- 3 |  4- 6 |  7- 9 || total
-------------------------+-------+-------+-------++-------
Melee: Long sword        |    97 |   118 |   257 ||   472
       Headbutt          |    15 |    18 |    48 ||    81
Throw: Throwing net      |       |       |     1 ||     1
Invok: Heroism           |       |       |     6 ||     6
Evoke: Wand              |       |       |     2 ||     2
  Use: Potion            |       |       |     3 ||     3
Armor: Scale mail        |    29 |       |       ||    29
       Chain mail        |    37 |    39 |     3 ||    79
       Plate armour      |       |       |   168 ||   168
Dodge: Dodged            |    62 |    51 |    86 ||   199
Block: Buckler           |    28 |    33 |    63 ||   124

Table legend: (Time is in decaauts)
 A = Elapsed time spent in this place.
 B = Non-inter-level travel time spent in this place.
 C = Inter-level travel time spent in this place.
 D = Time resting spent in this place.
 E = Time spent auto-exploring this place.
 F = Levels seen in this place.
 G = Mean time per level.
                   A        B        C        D        E       F      G
               +--------+--------+--------+--------+--------+-----+--------+
         Total |   7057 |   6859 |    198 |      0 |   5302 |   8 |  882.1 |
       Dungeon |   7057 |   6859 |    198 |      0 |   5302 |   8 |  882.1 |
               +--------+--------+--------+--------+--------+-----+--------+

Top non-repeatable levels by time:
     D:4: 1378 daAuts
     D:1: 1256 daAuts
     D:3: 914 daAuts
     D:7: 882 daAuts
     D:5: 875 daAuts
     D:6: 656 daAuts
     D:2: 573 daAuts
     D:8: 519 daAuts
